 Dungeon Crawl Stone Soup version 0.22.0-40-g68aacdc (webtiles) character file.

62 Lew the Skirmisher (level 4, 0/29 HPs)
             Began as a Gargoyle Fighter on Sept 2, 2018.
             Slain by Crazy Yiuf
             ... wielding a +4 quarterstaff of chaos
              (2 damage)
             ... on level 2 of the Dungeon.
             The game lasted 00:01:52 (1496 turns).

Lew the Skirmisher (Gargoyle Fighter)               Turns: 1496, Time: 00:01:53

Health: 0/29       AC: 10    Str: 25    XL:     4   Next: 8%
Magic:  4/4        EV:  7    Int:  8    God:
Gold:   125        SH: 10    Dex: 10    Spells: 3/3 levels left

rFire    . . .     SeeInvis .   a - +0 war axe
rCold    . . .     Gourm    .   c - +0 shield
rNeg     + . .     Faith    .   b - +0 scale mail
rPois    ∞         Spirit   .   (no helmet)
rElec    +         Reflect  .   (no cloak)
rCorr    .         Harm     .   (no gloves)
MR       .....                  (no boots)
Stlth    ..........             (no amulet)
HPRegen  0.09/turn              (no ring)
MPRegen  0.09/turn              (no ring)

@: mighty, slowed, very slow
A: negative energy resistance 1, electricity resistance, unbreathing,
petrification resistance, rot immunity, AC +3
a: no special abilities


You were on level 2 of the Dungeon.
You were near starving.

You visited 1 branch of the dungeon, and saw 2 of its levels.

You collected 125 gold pieces.

Inventory:

Hand Weapons
 a - a +0 war axe (weapon)
Armour
 b - a +0 scale mail (worn)
 c - a +0 shield (worn)
Wands
 n - a wand of paralysis (19)
Scrolls
 g - a scroll of teleportation {unknown}
 i - 3 scrolls of remove curse {unknown}
 j - a scroll of noise {unknown}
Potions
 e - 2 potions of heal wounds {unknown}
 h - 2 potions of curing {unknown}
 k - a potion of magic {unknown}
 l - a potion of brilliance {unknown}
 m - a potion of ambrosia {unknown}
Comestibles
 f - 6 rations


   Skills:
 + Level 3.9 Fighting
 + Level 2.4 Axes
 + Level 3.9 Armour
 + Level 3.8 Shields


You had 3 spell levels left.
You didn't know any spells.
Your spell library was empty.

Dungeon Overview and Level Annotations

Branches:
Dungeon (2/15)

Altars:
Trog
Uskayaw
The Shining One

Annotations:
D:2 Crazy Yiuf


Innate Abilities, Weirdness & Mutations

You are resistant to torment.
Your stone body is resilient. (AC +3)
You are immune to poison.
You resist negative energy. (rN+)
You are resistant to electric shocks. (rElec)
You can survive without breathing.
You are immune to petrification.
You are immune to rotting.


Message History

Your shield prevents you from hitting Crazy Yiuf.
Crazy Yiuf barely misses you.
Crazy Yiuf whimpers, "Aardvark!"
Crazy Yiuf hits you but does no damage. Space bends around you.
You hit Crazy Yiuf.
Crazy Yiuf is moderately wounded.
Crazy Yiuf hits you with a quarterstaff of chaos!
You feel as though you will be slow longer.
Crazy Yiuf laughs, "Snoogle broken senile!"
Crazy Yiuf hits you with a quarterstaff of chaos.
* * * LOW HITPOINT WARNING * * *
You feel very mighty all of a sudden.
Crazy Yiuf hits you with a quarterstaff of chaos.
* * * LOW HITPOINT WARNING * * *
Crazy Yiuf closely misses you.
You hit Crazy Yiuf.
Crazy Yiuf is heavily wounded.
You block Crazy Yiuf's attack.
Crazy Yiuf hits you with a quarterstaff of chaos.
You die...

.## ##.####.###.#
#####.#
..######.###...##.#
#...#.#
..................#
#.#..#.
..####...##########
#...#.# ........##
#######.##.#
#(####..#### #####
#..........# #.#
#.....# #)..#
#..#########
#.####.##### #.g.#
#...# #.#........#
#.@.# #..#########
#.#.##.##### ##'##
#...........
#.#.##.# ♣.♣♣
###########.
#....#.##### ♣♣.♣
#. #..........#
♣.♣♣ #.
##...####### ♣♣.♣
#. ##.## ♣♣.♣♣ ##
#.######## ♣♣PP.♣
#........# ♣PP♣.♣


You could see Crazy Yiuf.

Vanquished Creatures
  Jessica (D:2)
  A dart slug (D:1)
  2 leopard geckos (D:1)
  3 bats (D:1)
  A giant cockroach (D:1)
  3 goblins
  4 hobgoblins
  5 jackals
  4 kobolds (D:1)
  3 frilled lizards (D:1)
  2 rats
  A fungus (D:2)
30 creatures vanquished.

Notes
Turn   | Place    | Note
-------+----------+-------------------------------------------
     0 | D:1      | Lew the Gargoyle Fighter began the quest for the Orb.
     0 | D:1      | Reached XP level 1. HP: 14/14 MP: 1/1
    64 | D:1      | Reached XP level 2. HP: 19/19 MP: 2/2
   269 | D:1      | Reached XP level 3. HP: 20/23 MP: 3/3
   577 | D:2      | Noticed Jessica
   588 | D:2      | Killed Jessica
   588 | D:2      | Reached XP level 4. HP: 19/29 MP: 4/4
   734 | D:2      | Found a hide-covered altar of Uskayaw.
   734 | D:2      | Noticed a hand axe
   734 | D:2      | Noticed a dagger
  1012 | D:2      | Found a bloodstained altar of Trog.
  1048 | D:2      | Found a glowing golden altar of the Shining One.
  1485 | D:2      | Found a runed door.
  1489 | D:2      | Noticed Crazy Yiuf
  1496 | D:2      | Slain by Crazy Yiuf

Skill      XL: |  1  2 |
---------------+-------+-----
Axes           | 2 |  2.4
Fighting       | |  3.9
Armour         | |  3.9
Shields        | |  3.8

Action                   |  1- 3 |  4- 6 || total
-------------------------+-------+-------++-------
Melee: War axe           |    77 |    25 ||   102
  Use: Potion            |       |     1 ||     1
Armor: Scale mail        |    58 |    13 ||    71
Dodge: Dodged            |    32 |     9 ||    41
Block: Shield            |    62 |     7 ||    69
